 Dungeon Crawl Stone Soup version 0.22.1-1-ga44c0e5 (webtiles) character file.

238 YellowHerb the Shooter (level 6, 0/37 HPs)
             Began as a Kobold Hunter on Sept 23, 2018.
             Slain by a bullfrog (2 damage)
             ... on level 2 of the Dungeon.
             The game lasted 00:35:00 (3927 turns).

YellowHerb the Shooter (Kobold Hunter)              Turns: 3927, Time: 00:35:00

Health: 0/37       AC: 12    Str:  9    XL:     6   Next: 28%
Magic:  6/6        EV:  5    Int: 13    God:
Gold:   150        SH:  4    Dex: 17    Spells: 5/5 levels left

rFire    . . .     SeeInvis .   b - +0 short sword
rCold    . . .     Gourm    .   n - +0 buckler
rNeg     . . .     Faith    .   l - +1 chain mail
rPois    .         Spirit   .   (no helmet)
rElec    .         Reflect  .   (no cloak)
rCorr    .         Harm     .   (no gloves)
MR       .....                  (no boots)
Stlth    ..........             (no amulet)
HPRegen  0.12/turn              m - +3 ring of protection
MPRegen  0.10/turn              (no ring)

@: berserk cooldown, slowed, very slow
A: small, carnivore
a: no special abilities


You were on level 2 of the Dungeon.
You were not hungry.

You visited 1 branch of the dungeon, and saw 3 of its levels.

You collected 150 gold pieces.

Inventory:

Hand Weapons
 a - a +1 shortbow {Trusty}
 b - a +0 short sword (weapon)
 k - a +2 dagger of venom
 o - a +0 hunting sling
Missiles
 d - an arrow
 g - 12 poisoned needles
 h - 63 bolts
 p - 21 sling bullets
Armour
 l - a +1 chain mail (worn)
 n - a +0 buckler (worn)
Jewellery
 m - a +3 ring of protection (left hand)
Wands
 j - a wand of polymorph (1)
 q - a wand of random effects (41)
Scrolls
 c - 3 scrolls of remove curse
 i - 2 scrolls of identify
Comestibles
 f - 2 rations


   Skills:
 + Level 3.0 Fighting
 + Level 2.2 Short Blades
 * Level 6.2 Bows
 + Level 1.1 Armour
 + Level 2.7 Dodging
 - Level 1.3 Stealth


You had 5 spell levels left.
You didn't know any spells.
Your spell library was empty.

Dungeon Overview and Level Annotations

Branches:
Dungeon (3/15)

Altars:

Annotations:
D:3 1 transporter


Innate Abilities, Weirdness & Mutations

You are small and have problems with some larger weapons.
You are carnivorous and can eat meat at any time.


Message History

The orc priest calls down the wrath of Beogh upon you.
Beogh smites you!
* * * LOW HITPOINT WARNING * * *
The orc priest hits you but does no damage.
The orc priest miscasts a cantrip.
There is a stone staircase leading up here.
The orc priest hits you but does no damage.
You climb upwards.
There is a stone staircase leading down here.
Aiming: Polymorph
Press: ? - help, Shift-Dir - straight line, f - orc priest
Aim: an orc priest (lightly wounded, chance to defeat MR: 46%)
The orc priest evaporates and reforms as a bullfrog!
The bullfrog hits you but does no damage.
The bullfrog hits you.
* * * LOW HITPOINT WARNING * * *
You hit the bullfrog.
The bullfrog is lightly wounded.
The bullfrog hits you.
You die...

.# ########.# .#
#........# .# #.######.#
.# #.# #.# .# #.# #.# .#
#.# #.# .# #.# #.#
.##########.######.######
................@#......#
.######.###.####F#......#
.# #.# #.# #.#......#
.######.###.# #.#....###
............# #......#
.######.###########.<.#
[.....................#
..#####.##########.#'##
...........#.###.#.#.#


You could see a bullfrog.

Vanquished Creatures
  Jessica (D:2)
  Natasha (thrice) (D:2)
  5 adders
  5 worms
  3 dart slugs
  4 leopard geckos
  2 orcs
  10 bats
  4 giant cockroaches
  5 goblins
  8 hobgoblins
  8 jackals
  A kobold (D:2)
  4 frilled lizards
  6 rats
69 creatures vanquished.

Notes
Turn   | Place    | Note
-------+----------+-------------------------------------------
     0 | D:1      | YellowHerb the Kobold Hunter began the quest for the Orb.
     0 | D:1      | Reached XP level 1. HP: 12/12 MP: 1/1
   111 | D:1      | Reached XP level 2. HP: 14/17 MP: 2/2
   343 | D:1      | Reached XP level 3. HP: 21/21 MP: 3/3
   856 | D:2      | Noticed Jessica
  1083 | D:2      | Reached skill level 5 in Bows
  1152 | D:2      | Reached XP level 4. HP: 21/27 MP: 4/4
  1778 | D:2      | Noticed Natasha
  2044 | D:2      | Killed Jessica
  2077 | D:1      | HP: 1/27 [poisoned by Jessica]
  2506 | D:2      | Reached skill level 1 in Short Blades
  2506 | D:2      | Reached XP level 5. HP: 25/31 MP: 5/5
  2753 | D:2      | Killed Natasha
  2977 | D:2      | Noticed Natasha
  3020 | D:2      | Killed Natasha
  3034 | D:2      | Noticed Natasha
  3039 | D:2      | Killed Natasha
  3039 | D:2      | Reached skill level 1 in Armour
  3108 | D:2      | Reached XP level 6. HP: 36/36 MP: 6/6
  3334 | D:3      | Reached skill level 6 in Bows
  3346 | D:3      | Found a transporter.
  3926 | D:2      | HP: 1/37 [bullfrog (4)]
  3927 | D:2      | Slain by a bullfrog

Skill      XL: |  1  2  3  4  5  6 |
---------------+-------------------+-----
Bows           | 5 6 |  6.2
Short Blades   | 1 2 |  2.2
Armour         | 1 |  1.1
Fighting       | 3 |  3.0
Dodging        | |  2.7
Stealth        | |  1.3

Action                   |  1- 3 |  4- 6 || total
-------------------------+-------+-------++-------
Melee: Short sword       |    50 |   158 ||   208
       Dagger            |     1 |    22 ||    23
 Fire: Shortbow          |    70 |    43 ||   113
Evoke: Wand              |       |     1 ||     1
  Use: Scroll            |     5 |     2 ||     7
       Potion            |       |     2 ||     2
  Eat: Ration            |       |     5 ||     5
Armor: Chain mail        |    38 |   128 ||   166
       Skin              |       |     5 ||     5
Dodge: Dodged            |    26 |    74 ||   100
Block: Buckler           |       |    19 ||    19
